 Dungeon Crawl Stone Soup version 0.22-b1-26-g9dbaab1 (webtiles) character file.

929 dorian the Skirmisher (level 8, -7/65 HPs)
             Began as a Formicid Abyssal Knight on Aug 6, 2018.
             Was a Believer of Lugonu.
             Mangled by Duvessa
             ... wielding a +0 short sword
              (9 damage)
             ... on level 5 of the Dungeon.
             The game lasted 00:11:47 (4435 turns).

dorian the Skirmisher (Formicid Abyssal Knight)     Turns: 4435, Time: 00:11:48

Health: -7/65      AC: 14    Str: 19    XL:     8   Next: 32%
Magic:  12/12      EV:  6    Int: 12    God:    Lugonu [**....]
Gold:   183        SH:  4    Dex: 10    Spells: 7/7 levels left

rFire    . . .     SeeInvis +   n - +2 spear (freeze)
rCold    . . .     Gourm    .   s - +0 buckler
rNeg     . . .     Faith    .   g - +0 plate armour
rPois    .         Spirit   .   (helmet unavailable)
rElec    .         Reflect  .   (no cloak)
rCorr    .         Harm     .   (no gloves)
MR       .....                  r - +1 pair of boots
Stlth    ..........             (no amulet)
HPRegen  0.20/turn              (no ring)
MPRegen  0.13/turn              (no ring)

@: no status effects
A: permanent stasis, dig shafts and tunnels, four strong arms, antennae 3
a: Dig, Shaft Self, Depart the Abyss, Bend Space, Renounce Religion


You were on level 5 of the Dungeon.
You worshipped Lugonu.
Lugonu was pleased with you.
You were not hungry.

You visited 1 branch of the dungeon, and saw 5 of its levels.
You visited the Abyss 1 time.

You collected 183 gold pieces.

Inventory:

Hand Weapons
 a - a +1 hand axe
 n - a +2 spear of freezing (weapon)
Armour
 g - a +0 plate armour (worn)
 r - a +1 pair of boots (worn)
 s - a +0 buckler (worn)
Wands
 p - a wand of disintegration (3)
Scrolls
 b - 3 scrolls of identify {unknown}
 d - 2 scrolls of teleportation {unknown}
 e - a scroll of noise {unknown}
 h - 2 scrolls of magic mapping {unknown}
 j - a scroll of enchant weapon
 l - 2 scrolls of enchant armour {unknown}
 q - a scroll of blinking {unknown}
Potions
 f - a potion of degeneration {unknown}
 i - 5 potions of curing {unknown}
 m - a potion of brilliance
 o - a potion of cancellation {unknown}
 t - a potion of heal wounds
 u - a potion of mutation {unknown}
Comestibles
 c - 11 rations
 k - 2 chunks of flesh


   Skills:
 + Level 6.4 Fighting
 - Level 2.0 Axes
 + Level 5.9 Armour
 - Level 0.8 Dodging
 + Level 2.0 Shields
 + Level 6.4 Invocations


You had 7 spell levels left.
You didn't know any spells.
Your spell library was empty.

Dungeon Overview and Level Annotations

Branches:
Dungeon (5/15)
 Temple: D:4-7

Altars:
Wu Jian
Xom

Annotations:
D:4 2 runed doors, Lilu's ghost, amateur DECj
D:5 Duvessa


Innate Abilities, Weirdness & Mutations

You cannot be hasted, slowed, berserked, paralysed or teleported.
You can dig through walls and to a lower floor.
Your four strong arms can wield two-handed weapons with a shield.
You have a pair of large antennae on your head. (SInv)


Message History

Duvessa hits you but does no damage.
You hit Duvessa but do no damage.
Duvessa is heavily wounded.
You block Duvessa's attack.
You hit Duvessa. You freeze Duvessa.
Duvessa is heavily wounded.
Duvessa hits you with a short sword.
* * * LOW HITPOINT WARNING * * *
You block Duvessa's attack.
You hit Duvessa but do no damage.
Duvessa is heavily wounded.
You block Duvessa's attack.
You barely miss Duvessa.
Duvessa is heavily wounded.
Duvessa hits you but does no damage. Duvessa hits you with a short sword!
* * * LOW HITPOINT WARNING * * *
You closely miss Duvessa.
Duvessa is heavily wounded.
Duvessa hits you with a short sword!
You die...

#.........#####.........#
#.........###########'###
#.........'...........###
#.........###......รท.....
#.........# #.#.##.######
#.........# #.#>.........
#.........# #.#.##.######
#######'#####.#.##.######
#....@e......#........
#.###....(........#### #
#........####.#
#........##...#
#........##.######
#................#
#.#+#######[####.# '.#
..#.<#.#.# #.#....#.#


You could see Duvessa (berserk).

Vanquished Creatures
  Grinder (D:5)
  Menkaure (D:4)
  An ogre (D:4)
  A centaur (D:4)
  Dowan (D:5)
  A howler monkey (D:3)
  A bullfrog zombie (D:5)
  A hound (D:5)
  2 orc priests (D:3)
  An orc wizard (D:3)
  4 worker ants
  5 adders
  A worm (D:2)
  2 dart slugs (D:1)
  A leopard gecko (D:1)
  8 orcs
  7 giant cockroaches
  2 goblins
  3 hobgoblins
  5 jackals
  A quokka (D:5)
  2 ball pythons (D:3)
  7 bats
  5 frilled lizards
  6 kobolds
  10 rats
80 creatures vanquished.

Notes
Turn   | Place    | Note
-------+----------+-------------------------------------------
     0 | Abyss:1  | dorian the Formicid Abyssal Knight began the quest for the Orb.
     0 | Abyss:1  | Reached XP level 1. HP: 18/18 MP: 2/2
   102 | Abyss:1  | Noticed an apocalypse crab
   103 | D:1      | Escaped the Abyss
   154 | D:1      | Reached XP level 2. HP: 24/24 MP: 3/3
   218 | D:1      | Reached * piety under Lugonu
   681 | D:1      | Reached XP level 3. HP: 23/30 MP: 5/5
  1480 | D:2      | Reached XP level 4. HP: 20/37 MP: 6/6
  1854 | D:2      | Found a faded altar of an unknown god.
  2231 | D:3      | Reached ** piety under Lugonu
  2369 | D:3      | You fall through a shaft for 2 floors!
  2369 | D:5      | Entered Level 5 of the Dungeon
  2402 | D:4      | Reached XP level 5. HP: 18/42 MP: 7/7
  2614 | D:4      | Noticed Menkaure
  2795 | D:4      | Killed Menkaure
  2795 | D:4      | Reached skill level 5 in Fighting
  2795 | D:4      | Reached XP level 6. HP: 16/51 MP: 7/9
  3315 | D:3      | Reached skill level 5 in Invocations
  3463 | D:4      | Reached XP level 7. HP: 38/56 MP: 10/10
  3592 | D:4      | Found a runed door.
  3595 | D:4      | Noticed Lilu's ghost (amateur DECj)
  3689 | D:4      | Reached skill level 5 in Armour
  3787 | D:4      | Found a runed door.
  3897 | D:4      | Found an ornate altar of the Wu Jian Council.
  3907 | D:4      | Found a shimmering altar of Xom.
  4090 | D:5      | Noticed Dowan
  4109 | D:5      | Killed Dowan
  4365 | D:5      | Noticed Grinder
  4383 | D:5      | Reached XP level 8. HP: 51/64 MP: 12/12
  4388 | D:5      | Killed Grinder
  4418 | D:5      | Noticed Duvessa
  4434 | D:5      | HP: 2/65 [Duvessa/short sword (7)]
  4435 | D:5      | Mangled by Duvessa

Skill      XL: |  1  2  3  4  5  6  7  8 |
---------------+-------------------------+-----
Invocations    | 3 4 5 6 |  6.4
Armour         | 3 4 5 |  5.9
Fighting       | 4 5 6 |  6.4
Shields        | 2 |  2.0
Axes           | |  2.0
Dodging        | |  0.8

Action                   |  1- 3 |  4- 6 |  7- 9 || total
-------------------------+-------+-------+-------++-------
Melee: Hand axe          |   108 |    26 |       ||   134
       Spear             |       |   101 |   114 ||   215
Invok: Depart the Abyss  |     1 |       |       ||     1
 Abil: Dig               |       |     1 |       ||     1
Evoke: Wand              |       |       |     7 ||     7
  Use: Potion            |       |     2 |       ||     2
       Scroll            |       |     1 |       ||     1
  Eat: Chunk             |     2 |     6 |     4 ||    12
Armor: Leather armour    |     9 |       |       ||     9
       Plate armour      |    57 |    89 |    50 ||   196
Dodge: Dodged            |    52 |    29 |    26 ||   107
Block: Buckler           |       |       |     4 ||     4
